 Seeded DCSS version 0.30.1 (webtiles) character file.

Game seed: 7229806256980976716 (custom seed)

2 McKennaii the Conjurer (level 1, 14/14 HPs)
             Began as a Demigod Conjurer on July 12, 2023.
             Quit the game on level 1 of the Dungeon.
             The game lasted 00:00:44 (150 turns).

McKennaii the Conjurer (Demigod Conjurer)            Turns: 150, Time: 00:00:45

Health: 14/14      AC:  2    Str:  8    XL:     1   Next: 26%
Magic:  5/5        EV: 12    Int: 20    God:
Gold:   17         SH:  0    Dex: 12    Spells: 2/3 levels left

rFire   . . .        (no weapon)
rCold   . . .        (no shield)
rNeg    . . .        a - +0 robe
rPois   .            (no helmet)
rElec   .            (no cloak)
rCorr   .            (no gloves)
SInv    .            (no boots)
Will    .....        (no amulet)
Stlth   ++           (no ring)
HPRegen 0.22/turn    (no ring)
MPRegen 0.09/turn

%: no passive effects
@: no status effects
A: high MP 1, forlorn, divine attributes
a: no special abilities


You were on level 1 of the Dungeon.
You visited 1 branch of the dungeon, and saw 1 of its levels.

You collected 17 gold pieces.

Inventory:

Missiles
 c - a throwing net
Armour
 a - a +0 robe (worn)
Jewellery
 e - the amulet of Gomego {Reflect rPois Dex+4 SH+5}
   (You acquired it on level 1 of the Dungeon)

   [amulet of reflection]

   It reflects blocked missile attacks.
   Dex:       It affects your dexterity (+4).
   rPois:     It protects you from poison.
   SH:        It affects your SH (+5).
 f - the amulet of the Voivode {+Blink rF+ rN+ Regen+}
   (You acquired it on level 1 of the Dungeon)

   [amulet of regeneration]

   rF:        It protects you from fire.
   rN:        It protects you from negative energy.
   +Blink:    It lets you blink.
   Regen:     It increases your rate of health regeneration.
 g - the ring of the Mage {Wiz Archmagi}
   (You acquired it on level 1 of the Dungeon)

   [ring of wizardry]

   It improves your spell success rate.
   Archmagi:  It increases the power of your magical spells.
Scrolls
 d - 2 scrolls of amnesia {unknown}
Potions
 b - a potion of magic


   Skills:
 - Level 1.7 Dodging
 - Level 1.7 Stealth
 + Level 1.9 Spellcasting
 + Level 3.6 Conjurations


You had 2 spell levels left.
You knew the following spells:

 Your Spells              Type           Power      Damage    Failure   Level
a - Magic Dart            Conj           64%        1d6       3%          1

Your spell library contained the following spells:

 Spells                   Type           Power      Damage    Failure   Level
 Searing Ray              Conj           32%        2d5       5%          2
 Dazzling Flash           Conj/Hex       18%        N/A       22%         3
 Fulminant Prism          Conj/Hex       4%         3d5       58%         4
 Iskenderun's Mystic Bla  Conj/Tloc      9%         2d4       58%         4


Dungeon Overview and Level Annotations

Branches:
Dungeon (1/15)


Innate Abilities, Weirdness & Mutations

You have an increased reservoir of magic. (+10% MP)
You shall have no god before yourself.
Your divine heritage dramatically boosts your attributes as you level up.


Message History

The hobgoblin is moderately wounded.
The hobgoblin shouts!
A hobgoblin is nearby!
The magic dart hits the hobgoblin.
The hobgoblin is severely wounded.
A hobgoblin is nearby!
The magic dart hits the hobgoblin.
You kill the hobgoblin!
Key pressed, stopping explore.
You can't see any susceptible monsters within range! (Use Z to cast anyway.)
You can't see any susceptible monsters within range! (Use Z to cast anyway.) Magic restored.
c - a throwing net You now have 17 gold pieces.
d - 2 scrolls labelled FUSKUR VIKLOEP You can't see any susceptible monsters within range! (Use Z to cast anyway.)
A quokka comes into view.
The magic dart hits the quokka but does no damage.
A quokka is nearby!
The magic dart hits the quokka.
The quokka is heavily wounded.
A quokka is nearby!
The magic dart hits the quokka.
You kill the quokka!
Found 3 stones.
You can't see any susceptible monsters within range! (Use Z to cast anyway.) There's something in the way.
You swing at nothing.
There's something in the way.
You swing at nothing.
e - 3 scrolls labelled RAGIOR NADERHA
Found a scroll labelled WUBBUN RUOS.
This is a scroll of acquirement!
Something appears at your feet! Something appears at your feet!
Something appears at your feet!
e - the amulet of Gomego {Reflect rPois Dex+4 SH+5}
f - the amulet of the Voivode {+Blink rF+ rN+ Regen+}
g - the ring of the Mage {Wiz Archmagi} Are you sure you want to abandon this character and quit the game? (Confirm with "yes".)

############.
#. ## #. ..
#. #?
##########.
#.
#..........
#.
#.#########
#(#######.#
#.@.......#
###########


There were no monsters in sight!

Vanquished Creatures
  A hobgoblin (D:1)
  A quokka (D:1)
2 creatures vanquished.

Notes
Turn   | Place    | Note
-------+----------+-------------------------------------------
     0 | D:1      | McKennaii the Demigod Conjurer began the quest for the Orb.
     0 | D:1      | Reached XP level 1. HP: 14/14 MP: 5/5
   146 | D:1      | Identified 3 scrolls of acquirement
   146 | D:1      | Acquired the amulet of Gomego {Reflect rPois Dex+4 SH+5}
   147 | D:1      | Acquired the ring of the Mage {Wiz Archmagi}
   147 | D:1      | Found the ring of the Mage {Wiz Archmagi}
   148 | D:1      | Acquired the amulet of the Voivode {+Blink rF+ rN+ Regen+}
   150 | D:1      | Quit the game

Illustrated notes

Levels and vault maps discovered:
D:1:      spicycebolla_arrival_ecumenical, layout_loops_ring

Action                     || total
---------------------------++-------
   Cast: Magic Dart        ||     6
    Use: Scroll            ||     3
